 Dungeon Crawl Stone Soup version 0.19.5 (webtiles) character file.

75 Gargoyl the Skirmisher (level 4, -9/40 HPs)
             Began as a Ghoul Abyssal Knight on Apr 30, 2017.
             Was a Follower of Lugonu.
             Killed by divine providence
             ... invoked by an orc priest
              (13 damage)
             ... on level 3 of the Dungeon.
             The game lasted 00:05:00 (1804 turns).

Gargoyl the Skirmisher (Ghoul Abyssal Knight)       Turns: 1804, Time: 00:05:01

Health: -9/40      AC:  9    Str: 15    XL:     4   Next: 31%
Magic:  5/5        EV:  1    Int: 12    God:    Lugonu [*.....]
Gold:   176        SH: 13    Dex:  9    Spells: 0 memorised, 3 levels left

rFire  . . .     SeeInvis .     a - +2 hand axe
rCold  + . .     Gourm    .     m - +0 chain mail
rNeg   + + +     Faith    .     d - +2 large shield
rPois  ∞         Spirit   .     (no helmet)
rElec  .         Reflect  .     (no cloak)
rCorr  .         Harm     .     e - +0 pair of gloves
MR     .....                    (no boots)
Stlth  ..........               (no amulet)
                                (no ring)
                                (no ring)

@: brilliant, rotting
A: rotting body, claws 1, carnivore 3, cold resistance 1, negative energy
resistance 3, slow regeneration 1, torment resistance, unbreathing
a: Depart the Abyss, Renounce Religion


You were on level 3 of the Dungeon.
You worshipped Lugonu.
Lugonu was aware of your devotion.
You were not hungry.

You visited 1 branch of the dungeon, and saw 3 of its levels.
You visited the Abyss 1 time.

You collected 176 gold pieces.

Inventory:

Hand Weapons
 a - a +2 hand axe (weapon)
Armour
 b - a +0 leather armour
 d - a +2 large shield (worn)
 e - a +0 pair of gloves (worn)
 m - a +0 chain mail (worn)
Scrolls
 j - 2 scrolls of recharging
 k - a scroll of fog
 n - 3 scrolls of teleportation
Potions
 f - a potion of lignification
 g - a potion of invisibility {unknown}
 i - 2 potions of haste
 l - a potion of curing {unknown}
Comestibles
 c - a meat ration
 h - 2 chunks of flesh


   Skills:
 + Level 3.8 Fighting
 + Level 2.4 Axes
 * Level 2.2 Armour
 + Level 1.1 Dodging
 + Level 0.8 Shields
 * Level 2.8 Invocations


You had 3 spell levels left.
You didn't know any spells.

Dungeon Overview and Level Annotations

Branches:
Dungeon (3/15)

Altars:
Ashenzari
Cheibriados
Dithmenos
Elyvilon
Fedhas


Innate Abilities, Weirdness & Mutations

Your body is rotting away.
You thrive on raw meat.
You are immune to poison.
You have sharp fingernails.
You are carnivorous and can eat meat at any time.
Your flesh is cold resistant. (rC+)
You are immune to negative energy. (rN+++)
You regenerate slowly when monsters are visible.
You are immune to unholy pain and torment.
You can survive without breathing.


Message History

You hit the orc priest but do no damage.
The orc priest is moderately wounded.
You block the orc priest's attack.
You hit the orc priest.
The orc priest is heavily wounded.
The orc priest begins to cast a cantrip, but forgets the words!
The orc priest hits you with a dagger.
* * * LOW HITPOINT WARNING * * *
You hit the orc priest but do no damage.
The orc priest is heavily wounded.
You block the orc priest's attack.
Some of the chunks of flesh in your inventory have rotted away.
Unknown command.
It was a potion of lignification.
You feel woody for a moment.
The orc priest hits you but does no damage.
It was a potion of brilliance.
You feel clever all of a sudden.
The orc priest mumbles some strange prayers to Beogh against you.
Beogh smites you!
You die...

....#...# ###.....#
.....#..# ## ##
........######.
.###
...÷...........#...
...###.......#...#
...# ##.####.##.#
..#.# .#
#.##.########
#.##.# .#
#.(..@oo.....
...##.#.#
####.#####.## #.##
#... #.### .## ###
#...# .# ###.# .
#.. ###.##...# #.#
#.......# .#
#.#.##...# # #.#.#
.#.#


You could see an orc priest and an orc.

Vanquished Creatures
  A bullfrog skeleton (D:3)
  An adder (D:3)
  A worm (D:2)
  3 dart slugs
  A leopard gecko (D:1)
  2 giant cockroaches (D:1)
  3 goblins
  3 hobgoblins
  A kobold (D:1)
  A ball python (D:3)
  6 bats
  9 rats
32 creatures vanquished.

Notes
Turn   | Place    | Note
-------+----------+-------------------------------------------
     0 | Abyss:1  | Gargoyl the Ghoul Abyssal Knight began the quest for the Orb.
     0 | Abyss:1  | Reached XP level 1. HP: 19/19 MP: 1/1
    19 | Abyss:2  | Found a corrupted altar of Lugonu.
    35 | Abyss:2  | Found a corrupted altar of Lugonu.
    39 | D:1      | Escaped the Abyss
   182 | D:1      | Reached XP level 2. HP: 16/26 MP: 2/2
   246 | D:1      | Reached * piety under Lugonu
   535 | D:1      | Reached skill level 1 in Dodging
   687 | D:1      | Reached XP level 3. HP: 21/33 MP: 3/3
  1279 | D:2      | Found a shadowy altar of Dithmenos.
  1393 | D:2      | Found a white marble altar of Elyvilon.
  1393 | D:2      | Found a snail-covered altar of Cheibriados.
  1411 | D:2      | Found a blossoming altar of Fedhas.
  1415 | D:2      | Found a shattered altar of Ashenzari.
  1417 | D:2      | Found a faded altar of an unknown god.
  1507 | D:3      | Reached XP level 4. HP: 25/40 MP: 3/5
  1804 | D:3      | Killed from afar by an orc priest

Skill      XL: |  1  2  3 |
---------------+----------+-----
Axes           | 2 |  2.4
Dodging        | 1 |  1.1
Armour         | 2 |  2.2
Fighting       | |  3.8
Shields        | |  0.8
Invocations    | |  2.8

Action                   |  1- 3 |  4- 6 || total
-------------------------+-------+-------++-------
Melee: Hand axe          |    96 |    20 ||   116
Invok: Depart the Abyss  |     1 |       ||     1
  Use: Scroll            |     6 |     4 ||    10
       Potion            |       |     2 ||     2
  Eat: Chunk             |    19 |     2 ||    21
Armor: Leather armour    |    35 |       ||    35
       Chain mail        |    20 |    11 ||    31
Dodge: Dodged            |    13 |       ||    13
Block: Large shield      |    70 |     9 ||    79
